 Dungeon Crawl Stone Soup version 0.21.0 (webtiles) character file.

16 tidbits the Sneak (level 2, -1/11 HPs)
             Began as a Felid Earth Elementalist on Jan 6, 2018.
             Killed from afar by an orc wizard (7 damage)
             ... with a magic dart
             ... on level 4 of the Dungeon.
             The game lasted 00:02:56 (220 turns).

tidbits the Sneak (Felid Earth Elementalist)         Turns: 220, Time: 00:02:57

Health: -1/11      AC:  1    Str:  2 (4)  XL:     2   Next: 37%
Magic:  3/6        EV: 18    Int: 13 (16) God:
Gold:   19         SH:  0    Dex: 15 (16) Spells: 2/5 levels left
                                        Lives:  0   Deaths: 0

rFire    . . .     SeeInvis +     - Unarmed
rCold    . . .     Gourm    .   (shield unavailable)
rNeg     . . .     Faith    .   (armour unavailable)
rPois    .         Spirit   .   (helmet unavailable)
rElec    .         Reflect  .   (cloak unavailable)
rCorr    .         Harm     .   (gloves unavailable)
MR       .....                  (boots unavailable)
Stlth    +++.......             (no amulet)
HPRegen  0.03/turn              (no ring)
MPRegen  0.10/turn              (no ring)

@: quick
A: very small, no armour, no weapons or thrown items, stealth, claws 1, fangs 3,
see invisible, carnivore, speed 1, shaggy fur 1, slow metabolism 1, sharp paws
a: no special abilities


You were on level 4 of the Dungeon.
You were not hungry.

You visited 1 branch of the dungeon, and saw 4 of its levels.

You collected 19 gold pieces.

Inventory:

Missiles
 b - 39 stones
Jewellery
 f - an uncursed ring of ice
   (You found it on level 2 of the Dungeon)
Scrolls
 a - a scroll of blinking {unknown}
 e - a scroll of enchant armour {unknown}
 g - a scroll of amnesia {unknown}
Books
 d - a book of Geomancy

   Spells                             Type                      Level
   a - Sandblast                      Earth                        1
   b - Passwall                       Transmutation/Earth          2
   c - Stone Arrow                    Conjuration/Earth            3
   d - Petrify                        Transmutation/Earth          4
   e - Lee's Rapid Deconstruction     Earth                        5
Comestibles
 c - a ration


   Skills:
 - Level 2.6 Dodging
 + Level 3.6 Stealth
 + Level 1.3 Unarmed Combat
 - Level 2.0 Spellcasting
 - Level 1.1 Transmutations
 - Level 2.6 Earth Magic


You had 2 spell levels left.
You knew the following spells:

 Your Spells              Type           Power        Failure   Level  Hunger
a - Sandblast             Erth           #.....       9%          1    ##.....
p - Passwall              Tmut/Erth      #.........   19%         2    ###....


Dungeon Overview and Level Annotations

Branches:
Dungeon (3/15)

Altars:

Annotations:
D:3 exclusion: goblin, Jessica


Innate Abilities, Weirdness & Mutations

You cannot wear armour.
You are incapable of wielding weapons or throwing items.
Your paws allow you to move quietly. (Stealth)
You have sharp claws.
You have razor-sharp teeth.
You have supernaturally acute eyesight. (SInv)
You are carnivorous and can eat meat at any time.
You cover ground quickly.
You are covered in fur. (AC +1)
You have a slow metabolism.
Your sharp claws are effective at attacking unaware monsters.


Message History

You feel weakened.
You feel dopey.
You feel clumsy.
Unknown command.
Unknown command.
Unknown command.
Unknown command.
Unknown command.
A hobgoblin comes into view. It is wielding a club.
Found a scroll labeled WUODIUNKONG.
The hobgoblin shouts!
The hobgoblin misses you.
You see here a scroll labeled ANGYIG MANOL.
e - a scroll labeled ANGYIG MANOL
Casting: Sandblast
Confirm with . or Enter, or press ? or * to list all spells.
Aiming: Sandblast
Press: ? - help, Shift-Dir - straight line, f - hobgoblin
Aim: a hobgoblin, wielding a club The blast of sand hits the hobgoblin.
You kill the hobgoblin!
b - 41 stones The goblin shouts!
You hear a shout! x2
Unknown command.
The goblin shouts!
The goblin unwields an uncursed club.
The goblin wields a hunting sling.
The goblin shoots a stone.
The stone hits you.
* * * LOW HITPOINT WARNING * * *
You see here a stone.
The goblin shoots a stone.
The stone closely misses you.
You see here a stone.
Found a runed dagger.
A bat comes into view.
Found a glowing spear.
Found a murky brown potion.
You see here a scroll labeled WUODIUNKONG.
Casting: Sandblast
Confirm with . or Enter, or press ? or * to list all spells.
Aiming: Sandblast
Press: ? - help, Shift-Dir - straight line, f - bat
Aim: a bat You miscast Sandblast.
You are very lightly contaminated with residual magic.
You feel earthy. The bat closely misses you.
Casting: Sandblast
Confirm with . or Enter, or press ? or * to list all spells.
Aiming: Sandblast
Press: ? - help, Shift-Dir - straight line, f/p - bat
Aim: a bat The blast of sand hits the bat.
You kill the bat!
b - 40 stones
g - a scroll labeled WUODIUNKONG The goblin shoots a stone.
The stone barely misses you.
Found an escape hatch in the floor.
A bat comes into view.
The goblin shoots a stone.
The stone misses you.
You see here a stone.
Found 11 gold pieces.
Found a stone staircase leading up.
A bat comes into view.
Found a ration.
The bat misses you.
There is an escape hatch in the floor here.
The bat hits you.
* * * LOW HITPOINT WARNING * * *
You slide downwards.
The hatch slams shut behind you.
A bat comes into view.
The bat closely misses you.
Casting: Sandblast
Confirm with . or Enter, or press ? or * to list all spells.
Aiming: Sandblast
Press: ? - help, Shift-Dir - straight line, f - bat
Aim: a bat The blast of sand hits the bat.
You kill the bat!
b - 39 stones You see here a bat corpse.
A goblin comes into view.
An orc and Jessica come into view.
Found 5 gold pieces.
Found an escape hatch in the ceiling.
Found a stone staircase leading up.
You see here a bat corpse.
Press: ? - help, . - travel You can't see that place. [the floor.] Placed new exclusion.
Your magical contamination has completely faded away.
A hobgoblin comes into view. It is wielding a club.
There is a shaft here.
You fall through a shaft!
The shaft crumbles and collapses. 4 orcs, an orc priest and 2 orc wizards come into view.
The orc shouts!
The orc wizard shouts!
The orc priest shouts!
The orc shouts!
You hear an angry hiss.
You hear a shout!
Found a ring mail.
Found an escape hatch in the ceiling.
Found a stone staircase leading up.
Found a ration.
The orc wizard points at you and mumbles some strange words.
The magic dart hits you!
Ouch! That really hurt!
You die...

#.....#.######
#...[o........
...##.o#.####.#
#o.#.# #.o#.#
#..#.#
#..#.####.
#.........
#.@.......
#%##...... #.
.##### #. .# #.
. ## #


You could see an orc priest, an orc wizard and 2 orcs.

Vanquished Creatures
  A worm (D:2)
  3 bats
  3 goblins (D:2)
  2 hobgoblins (D:2)
  A kobold (D:2)
  2 rats (D:2)
12 creatures vanquished.

Notes
Turn   | Place    | Note
-------+----------+-------------------------------------------
     0 | D:1      | tidbits the Felid Earth Elementalist began the quest for the Orb.
     0 | D:1      | Reached XP level 1. HP: 7/7 MP: 4/4
    57 | D:2      | Reached skill level 3 in Stealth
    83 | D:2      | Noticed a worker ant
   106 | D:2      | Reached skill level 1 in Unarmed Combat
   110 | D:2      | Reached XP level 2. HP: 11/11 MP: 0/6
   114 | D:2      | Learned a level 2 spell: Passwall
   197 | D:3      | Noticed Jessica
   213 | D:3      | You fall through a shaft!
   220 | D:4      | Killed from afar by an orc wizard

Skill      XL: |  1 |
---------------+----+-----
Stealth        | 3 |  3.6
Unarmed Combat | 1 |  1.3
Dodging        | |  2.6
Spellcasting   | |  2.0
Transmutations | |  1.1
Earth Magic    | |  2.6

Action                   || total
-------------------------++-------
Melee: Unarmed           ||    15
       Bite              ||     2
 Cast: Sandblast         ||    13
  Use: Potion            ||     1
 Stab: Sleeping          ||     1
Armor: Skin              ||     1
Dodge: Dodged            ||    26

Table legend:
 A = Turns spent in this place as a percentage of turns spent in the entire game.
 B = Non-inter-level travel turns spent in this place as a percentage of non-inter-level travel turns spent in the entire game.
 C = Inter-level travel turns spent in this place as a percentage of turns spent in this place.
 D = Turns resting spent in this place as a percentage of non-inter-level travel turns spent in this place.
 E = Turns spent auto-exploring this place as a percentage of non-inter-level travel turns spent in this place.
 F = Non-inter-level travel turns spent in this place divided by the number of levels of this place that you've seen.
                   A       B       C       D       E      F
               +-------+-------+-------+-------+-------+----------------------
         Total | 100.0 | 100.0 |   0.0 |   0.0 |   0.0 |  55.0
       Dungeon | 100.0 | 100.0 |   0.0 |   0.0 |   0.0 |  55.0
               +-------+-------+-------+-------+-------+----------------------

Table legend:
 A = Kills in this place as a percentage of kills in entire the game.
 B = Kills by you in this place as a percentage of kills by you in the entire game.
 C = Kills by friends in this place as a percentage of kills by friends in the entire game.
 D = Other kills in this place as a percentage of other kills in the entire game.
 E = Experience gained in this place as a percentage of experience gained in the entire game.
 F = Experience gained in this place divided by the number of levels of this place that you have seen.
                   A       B       C       D       E      F
               +-------+-------+-------+-------+-------+----------------------
         Total | 100.0 | 100.0 |   N/A |   N/A | 100.0 |   5.8
       Dungeon | 100.0 | 100.0 |   N/A |   N/A | 100.0 |   5.8
               +-------+-------+-------+-------+-------+----------------------

Vault maps used:
D:1:      dpeg_arrival_connections, minmay_misc_feat_chi
D:2:      kennysheep_the_goblin_king, minmay_overflow_temple_star_hex,
          uniq_crazy_yiuf_cottage
D:3:      dancing_weapons_uskayaw, first_ration, bloody_trog, uniq_terence,
          uniq_jessica
D:4:      minmay_temple_entry_overgrown, st_stairs_6, minmay_misc_feat_five,
          fedhas_altar_1
